 Dungeon Crawl Stone Soup version 0.31-a0-675-g238779eb0a (webtiles) character file.

Game seed: 8016568134847556994

31 qw the Shooter (level 3, -1/21 HPs)
             Began as a Gargoyle Hunter on Sept 5, 2023.
             Slain by Sigmund
             ... wielding a +0 scythe of freezing
              (4 damage)
             ... on level 2 of the Dungeon.
             The game lasted 00:00:20 (1150 turns).

qw the Shooter (Gargoyle Hunter)                    Turns: 1150, Time: 00:00:20

Health: -1/21      AC:  6    Str: 14    XL:     3   Next: 22%
Magic:  3/3        EV: 11    Int:  9    God:
Gold:   135        SH:  0    Dex: 15    Spells: 2/2 levels left

rFire   . . .        Y - +0 shortbow
rCold   . . .        (shield currently unavailable)
rNeg    + . .        c - +0 leather armour
rPois   inf          (no helmet)
rElec   +            (no cloak)
rCorr   .            (no gloves)
SInv    .            (no boots)
Will    .....        (no amulet)
Stlth   +            (no ring)
HPRegen 0.23/turn    (no ring)
MPRegen 0.08/turn

%: no passive effects
@: confused
A: sickness immunity, AC +3, negative energy resistance 1, electricity
resistance, torment resistance 1, petrification resistance
a: no special abilities


You were on level 2 of the Dungeon.
You visited 1 branch of the dungeon, and saw 2 of its levels.

You collected 135 gold pieces.


Innate Abilities, Weirdness & Mutations

You are immune to sickness and miasma.
Your stone body is resilient. (AC +3)
You are immune to poison.
You resist negative energy. (rN+)
You are resistant to electric shocks. (rElec)
You are resistant to unholy torment.
You are immune to petrification.


   Skills:
 + Level 2.3 Fighting
 - Level 5.0 Ranged Weapons
 - Level 1.5 Dodging
 - Level 1.1 Stealth


You had 2 spell levels left.
You didn't know any spells.
Your spell library was empty.

Inventory:

Hand Weapons
 Y - a +0 shortbow (weapon)
Armour
 c - a +0 leather armour (worn)
Jewellery
 f - a ring of ice
Scrolls
 a - a scroll of enchant weapon {unknown}
 d - a scroll of enchant armour {unknown}
 g - a scroll of identify
Potions
 b - a potion of curing {unknown}
 e - a potion of lignification {unknown}
 h - a potion of heal wounds {unknown}

Dungeon Overview and Level Annotations

Branches:
Dungeon (2/15)

Altars:

Shops:
D:1 (

Annotations:
D:2 Sigmund


Message History

There is an open door here.
Found 4 poisoned darts.
g - a scroll of identify
h - a murky orange potion You open the door.
You now have 135 gold pieces (gained 11).
You open the door.
Found a stone staircase leading down.
There is an open door here.
Found 6 stones.
There is a stone staircase leading down here.
You open the door.
There is an open door here.
Found a dagger.
You open the door.
There is an open door here.
Sigmund the Dreaded comes into view.
He is wielding a +0 scythe of freezing.
Sigmund shouts!
You shoot an arrow. The arrow hits Sigmund.
Sigmund is lightly wounded.
Sigmund casts a spell at you. The magic dart hits you.
You shoot an arrow. The arrow closely misses Sigmund.
Sigmund laughs darkly.
You shoot an arrow. The arrow hits Sigmund!
Sigmund is heavily wounded.
Sigmund says, "Your kind have come here before.
I understand now why.
You desire death..."
Sigmund hits you from afar with a +0 scythe of freezing.
Sigmund freezes you.
You shoot an arrow. The arrow hits Sigmund.
Sigmund is severely wounded.
You shoot an arrow. The arrow closely misses Sigmund.
Sigmund points at you and mumbles some strange words.
You are confused.
Sigmund barely misses you.
Sigmund hits you from afar with a +0 scythe of freezing!
Sigmund freezes you.
Sigmund hits you from afar with a +0 scythe of freezing.
You die...
Sigmund begins carving another notch in his scythe.

#.# #.#.....
#.########
#.#.....
#.........
........
#.........
#.####.#
####..)......
#.. #..
#............
. ...
#......######
..
#......######
#......'..@.#
#......####.#
#......# @#
#......# .#
#####+## .#
.. .. ..


You could see Sigmund.

Vanquished Creatures
  An adder (D:2)
  A dart slug (D:1)
  2 ball pythons (D:1)
  2 endoplasms
  2 giant cockroaches (D:1)
  2 goblins
  A hobgoblin (D:1)
  A bat (D:1)
  2 kobolds (D:1)
  7 rats (D:1)
21 creatures vanquished.

Notes
Turn   | Place    | Note
-------+----------+-------------------------------------------
     0 | D:1      | qw the Gargoyle Hunter began the quest for the Orb.
     0 | D:1      | Reached XP level 1. HP: 12/12 MP: 1/1
     0 | D:1      | 0 ||| qw: Version: 0.3-a-75-g829b12e
     0 | D:1      | 0 ||| qw: Game counter: 165
     0 | D:1      | 0 ||| qw: Melee chars always use a shield: true
     0 | D:1      | 0 ||| qw: God list: Okawaru
     0 | D:1      | 0 ||| qw: Allow faded altars: false
     0 | D:1      | 0 ||| qw: Do Orc after clearing Dungeon:15 true
     0 | D:1      | 0 ||| qw: Do second Lair branch before Depths: true
     0 | D:1      | 0 ||| qw: Lair rune preference: random
     0 | D:1      | 0 ||| qw: Goals: Normal
     0 | D:1      | 0 ||| PLANNING D:1-11
   238 | D:1      | Reached XP level 2. HP: 17/17 MP: 2/2
   386 | D:1      | Found a faded altar of an unknown god.
   387 | D:1      | Noticed a floating eye
   395 | D:1      | Noticed a floating eye
   395 | D:1      | Noticed a floating eye
   395 | D:1      | Noticed an eye of devastation
   573 | D:1      | Found Vyacas's Weapon Boutique.
   582 | D:1      | 582 ||| SHOPLISTING +2 orcbow of flaming (219 gold, have
                  | 85).
   762 | D:1      | 762 ||| READING scroll labelled HADOUHOLUSH.
   763 | D:1      | 763 ||| READING scroll labelled ENE LIDINITOU.
   764 | D:1      | 764 ||| DROPPING scroll of butterflies.
   827 | D:2      | Reached skill level 5 in Ranged Weapons
   827 | D:2      | Reached XP level 3. HP: 20/21 MP: 3/3
  1141 | D:2      | Noticed Sigmund
  1148 | D:2      | HP: 5/21 [Sigmund/+0 scythe of freezing (7)]
  1150 | D:2      | Slain by Sigmund

Levels and vault maps discovered:
D:1:      dpeg_arrival_tiny_d, layout_loops_ring,
          hellmonk_ecumenical_altar_watching_god, serial_shops, shop,
          minmay_rat_gold_closets
D:2:      layout_basic, uniq_sigmund

Skill      XL: |  1  2 |
---------------+-------+-----
Ranged Weapons | 5 |  5.0
Fighting       | |  2.3
Dodging        | |  1.5
Stealth        | |  1.1

Action                     || total
---------------------------++-------
   Fire: Shortbow          ||    73
    Use: Scroll            ||     2
 Armour: Leather armour    ||    21
  Dodge: Dodged            ||    17

Table legend:
 A = Non-vault XP
 B = Vault XP
 C = Vault XP percentage of total XP
 D = Non-vault monster count
 E = Vault monster count
 F = Vault count percentage of total count
                 A         B        C        D         E       F
            +---------+---------+-------+---------+---------+-------
      Total |      38 |       7 |  15.6 |      14 |       7 |  33.3
            +---------+---------+-------+---------+---------+-------
        D:1 |      21 |       7 |  25.0 |      11 |       7 |  38.9
        D:2 |      17 |       0 |   0.0 |       3 |       0 |   0.0
            +---------+---------+-------+---------+---------+-------
